Cogmind - Beta 13 @@@ ROGUE MODE // 2024.07.07 @ 00:12:44 Player: ILikeVoltron Result: Destroyed by D-53 Grenadier with Mini Grenade Launcher Performance ------------- Evolutions (1) 500 Regions Visited (3) 600 Robots Destroyed (37) 185 Value Destroyed (620) 620 Prototype IDs (2) 40 Alien Tech Used (0) 0 Bonus (0) 0 TOTAL SCORE: 1945 Bonus ------- None Cogmind --------- Core Integrity 0/400 Matter 230/300 Energy 84/100 System Corruption 13% Temperature Cool (0) Movement Rolling (135) Ox3 Location -9/Mines Parts ------- > --- POWER (1) -------- (None) > --- PROPULSION (3) --- Armored Wheel Armored Wheel > --- UTILITY (3) ------ Improved Heat Sink Huge Storage Unit > --- WEAPON (2) ------- Beam Cannon Grenade Launcher > --- INVENTORY (25) --- Armored Wheel Small Storage Unit Medium Storage Unit Large Storage Unit Large Storage Unit Huge Storage Unit Large Matter Pod (150) High-capacity Matter Pod (0) Sensor Array Improved Terrain Scanner Seismic Detector Medium Armor Plating Medium Armor Plating Particle Gun Spread Laser Spread Laser Improved Light Cannon Mini Grenade Launcher Mace Peak State ------------ > --- POWER ------------ Improved Ion Engine > --- PROPULSION ------- Armored Wheel Armored Wheel Armored Wheel > --- UTILITY ---------- Medium Storage Unit Improved Terrain Scanner Seismic Detector > --- WEAPON ----------- Shotgun Mace > --- INVENTORY -------- Light Ion Engine Improved Heat Sink Large Matter Pod Structural Scanner Sensor Array Light Armor Plating EM Pulse Gun Beam Cannon Shotgun Grenade Launcher [Rating: 18] Favorites ----------- Power Light Ion Engine Engine Light Ion Engine Propulsion Aluminum Leg Treads Light Treads Leg Aluminum Leg Wheel Armored Wheel Utility Improved Terrain Scanner Device Improved Terrain Scanner Storage Medium Storage Unit Protection Light Armor Plating Weapon Light Assault Rifle Energy Gun Small Laser Energy Cannon Beam Cannon Ballistic Gun Light Assault Rifle Launcher Grenade Launcher Special Weapon Mining Laser Impact Weapon Mace Build | -11 -10 -9 -9 ------- Run | Yrd Mat Mat Min Slots Evolved 2 | . . 2 . Power . | . . . . Propulsion 1 | . . 1 . Utility 1 | . . 1 . Weapon . | . . . . Parts Attached 39 | 2 8 28 1 Power 3 | . . 3 . Engine 3 | . . 3 . Core . | . . . . Reactor . | . . . . Propulsion 11 | . . 10 1 Treads 1 | . . 1 . Leg 1 | . . 1 . Wheel 9 | . . 8 1 Hover . | . . . . Flight . | . . . . Utility 8 | 1 1 6 . Device 5 | 1 . 4 . Storage 2 | . 1 1 . Processor . | . . . . Hackware . | . . . . Protection 1 | . . 1 . Artifact . | . . . . Weapon 17 | 1 7 9 . Energy Gun 2 | 1 1 . . Energy Cannon 2 | . . 2 . Ballistic Gun 6 | . 2 4 . Ballistic Cannon . | . . . . Launcher 1 | . . 1 . Special Weapon 3 | . 3 . . Impact Weapon 3 | . 1 2 . Slashing Weapon . | . . . . Piercing Weapon . | . . . . Special Melee Weapon . | . . . . Unidentified Prototypes . | . . . . Parts Lost 9 | . . 7 2 Power 2 | . . 2 . Propulsion 3 | . . 1 2 Utility 3 | . . 3 . Weapon 1 | . . 1 . Highest Loss Streak 4 | . . 4 2 To Critical Strikes . | . . . . Average Slot Usage (%) 96 | . 100 96 77 Engine 10 | . 14 9 . Treads 3 | . . 5 . Leg 14 | . 28 5 11 Wheel 13 | . . 21 22 Device 16 | . 14 18 11 Storage 12 | . 14 11 11 Protection 1 | . . 2 . Energy Cannon 2 | . . 3 11 Ballistic Gun 14 | . 20 12 . Launcher 1 | . . . 11 Special Weapon 1 | . 2 . . Impact Weapon 4 | . 4 4 . Naked Turns . | . . . . Heaviest Build 97 | 11 17 97 87 Greatest Support 36 | 20 20 36 24 Greatest Overweight (x) 3 | . . 3 3 Average Overweight (x) . | . . 1 3 Largest Inventory Capacity 25 | 8 10 25 25 Average Capacity 11 | 8 8 13 25 Most Carried 20 | 8 10 17 20 Average Carried 9 | 6 8 10 19 Final Capacity 25 | 8 10 25 25 Final Carried 19 | 7 10 17 19 Class Distribution -------------------- 74% | Mutant 25% | Scavenger-Mutant Dominant Class ---------------- Mutant | -10/Materials Scavenger-Mutant | -9/Materials Mutant | -9/Mines Resources | -11 -10 -9 -9 ----------- Run | Yrd Mat Mat Min Matter Collected 899 | 247 102 534 16 Remotely . | . . . . Salvage Created 1007 | 246 102 659 . Parts 57 | 20 7 30 . Haulers Intercepted 4 | . 1 3 . Recyclers Shooed . | . . . . Parts Field Recycled . | . . . . Retrieved Matter . | . . . . Parts Self-Destructed . | . . . . Prevented . | . . . . Kills | -11 -10 -9 -9 ------- Run | Yrd Mat Mat Min Combat Hostiles Destroyed 14 | . 3 11 . Guns 7 | . 3 4 . Cannons 2 | . . 2 . AOE 3 | . . 3 . Classes Destroyed 11 | 3 2 6 . Worker 3 | 2 . 1 . Builder 6 | . . 6 . Tunneler 7 | 7 . . . Hauler 4 | . 1 3 . Recycler 1 | 1 . . . Mechanic 1 | . . 1 . Watcher 1 | . . 1 . Swarmer 3 | . 3 . . Grunt 7 | . . 7 . Duelist 2 | . . 2 . Sentry 2 | . . 2 . Best Kill Streak 4 | 3 3 4 . Combat Bots Only 3 | . 3 3 . Max Kills in Single Turn 2 | 1 1 2 . Gunslinging 1 | . . 1 . Exploded 1 | . . 1 . Melee . | . . . . Uniques/NPCs Destroyed . | . . . . Combat | -11 -10 -9 -9 -------- Run | Yrd Mat Mat Min Hostile Shots Fired 118 | . 17 94 7 Missed 30 | . 4 24 2 Damage Taken 1864 | . 106 1500 258 Core 434 | . 34 386 14 Absorbed by Shields . | . . . . Core Remaining (%) 93 | 100 86 . . Volleys Fired 88 | 27 18 43 . Largest 2 | 2 2 2 . Hottest 100 | 60 100 90 . Shots Fired 156 | 54 33 69 . Gun 132 | 54 30 48 . Cannon 18 | . . 18 . Launcher 3 | . . 3 . Special 3 | . 3 . . Kinetic 100 | 27 25 48 . Thermal 53 | 27 8 18 . Explosive 3 | . . 3 . Electromagnetic . | . . . . Robot Hit Streak 10 | 6 2 10 . Robot Miss Streak 6 | 4 6 4 . Penetration Max . | . . . . Secondary Targets 2 | . 1 1 . Max Gunslinging Chain 1 | . 1 1 . Shots Hit Robots 108 | 29 10 69 . Core Hits 44 | 13 6 25 . Critical Kills 1 | . . 1 . Critical Parts Destroyed 2 | . . 2 . Critical Strikes 3 | . . 3 . Smash 3 | . . 3 . Melee Attacks 30 | . 1 29 . Impact 30 | . 1 29 . Slashing . | . . . . Piercing . | . . . . Sneak Attacks 9 | . 1 8 . Combat Hostiles . | . . . . Follow-up Attacks . | . . . . Damage Inflicted 2433 | 284 173 1976 . Guns 947 | 284 96 567 . Cannons 158 | . . 158 . Explosions 461 | . . 461 . Melee 867 | . 77 790 . Ramming . | . . . . Kinetic 760 | 130 63 567 . Thermal 650 | 154 33 463 . Explosive 156 | . . 156 . Electromagnetic . | . . . . Impact 867 | . 77 790 . Slashing . | . . . . Piercing . | . . . . Highest Corruption 13 | . . 13 13 Average Corruption 13 | . . 13 13 Corruption Purged . | . . . . Corruption Blocked . | . . . . Effects 3 | . . 2 1 Message Errors 2 | . . 1 1 Alerts 1 | . . 1 . Overload Shots . | . . . . Overflow Damage 327 | . . 327 . Projectiles 11 | . . 11 . Explosions 103 | . . 103 . Melee 213 | . . 213 . Knockbacks 4 | . . 4 . Impact 4 | . . 4 . Kinetic . | . . . . Secondary . | . . . . Self-Inflicted Damage 144 | . . 144 . Shots 4 | . . 4 . Rammed . | . . . . Targets Rammed . | . . . . Kicked . | . . . . Crushed . | . . . . Highest Temperature 40 | 40 40 28 . Average Temperature 17 | 19 18 10 . Received Heat Transfer 381 | . . 381 . Siege Activations . | . . . . Robots Corrupted . | . . . . Combat Hostiles . | . . . . Parts Fried 13 | . . 13 . Impact Corruptions 12 | . . 12 . Robots Melted . | . . . . Combat Hostiles . | . . . . Parts Melted . | . . . . Heat Transferred 1008 | 350 75 583 . Parts Sabotaged . | . . . . Parts Stolen . | . . . . Parts Stripped . | . . . . Power Chain Reactions . | . . . . Alert | -11 -10 -9 -9 ------- Run | Yrd Mat Mat Min Peak Influence 274 | 50 147 274 93 Initial 93 | . 32 . 93 Average 117 | 22 118 152 92 Maximum Alert Level 1 | . . 1 . Low Security (%) 80 | 100 100 58 100 Level 1 19 | . . 41 . Level 2 . | . . . . Level 3 . | . . . . Level 4 . | . . . . Level 5 . | . . . . High Security . | . . . . Max Security . | . . . . Squads Dispatched 1 | . . 1 . Investigation 1 | . . 1 . Extermination . | . . . . Reinforcement . | . . . . Assault . | . . . . Garrison . | . . . . Intercept . | . . . . Searches Triggered . | . . . . Construction Impeded . | . . . . Haulers Reinforced . | . . . . Active Scanning Responses . | . . . . Cargo Convoy Interrupts . | . . . . Stealth | -11 -10 -9 -9 --------- Run | Yrd Mat Mat Min Distress Signals 6 | . 2 3 1 Communications Jammed . | . . . . Distress Signals . | . . . . Times Spotted 27 | . 7 18 2 Peak Tracking Total 5 | . 3 5 2 Tactical Retreats 2 | . 1 1 . Traps | -11 -10 -9 -9 ------- Run | Yrd Mat Mat Min Traps Triggered 1 | . . 1 . Indirectly . | . . . . Trap Hack Attempts . | . . . . Triggered . | . . . . Disarmed . | . . . . Reprogrammed . | . . . . Reused . | . . . . Traps Extracted . | . . . . Installed . | . . . . Triggered . | . . . . Machines | -11 -10 -9 -9 ---------- Run | Yrd Mat Mat Min Machines Disabled 3 | . . 3 . Max in Single Turn 3 | . . 3 . Machines Repaired . | . . . . Machines Dismantled . | . . . . Machines Sabotaged . | . . . . Overloaded Fab Kills . | . . . . Hacking | -11 -10 -9 -9 --------- Run | Yrd Mat Mat Min Machines Accessed 7 | . 5 2 . Terminals 7 | . 5 2 . Fabricators . | . . . . Repair Stations . | . . . . Recycling Units . | . . . . Scanalyzers . | . . . . Garrison Access . | . . . . Total Hacks 16 | . 12 4 . Successful 5 | . 5 . . Failed 11 | . 7 4 . Catastrophic 4 | . 3 1 . Database Lockouts . | . . . . Manual 11 | . 8 3 . Terminals 16 | . 12 4 . Fabricators . | . . . . Repair Stations . | . . . . Recycling Units . | . . . . Scanalyzers . | . . . . Garrison Access . | . . . . Terminal Hacks 3 | . 3 . . Prototype ID Bank 1 | . 1 . . Terminal Index 1 | . 1 . . Hauler Manifests 1 | . 1 . . Fabricator Hacks . | . . . . Repair Station Hacks . | . . . . Recycling Unit Hacks . | . . . . Scanalyzer . | . . . . Garrison Access Hacks . | . . . . Unauthorized Hacks 2 | . 2 . . Terminals 2 | . 2 . . Track 1 | . 1 . . Assimilate 1 | . 1 . . Fabricators . | . . . . Repair Stations . | . . . . Recycling Units . | . . . . Scanalyzers . | . . . . Garrison Access . | . . . . Data Cores Recovered . | . . . . Used . | . . . . Hacking Detections 4 | . 2 2 . Full Trace Events . | . . . . Feedback Events . | . . . . Feedback Blocked . | . . . . Robot Schematics Acquired . | . . . . Robots Built . | . . . . Authchips . | . . . . Time . | . . . . Total Robot Build Rating . | . . . . Part Schematics Acquired . | . . . . Parts Built . | . . . . Authchips . | . . . . Time . | . . . . Total Part Build Rating . | . . . . Parts Repaired . | . . . . Time . | . . . . Parts Recycled . | . . . . Recycled Matter . | . . . . Retrieved Matter . | . . . . Retrieved Components . | . . . . Parts Scanalyzed . | . . . . Part Schematics Acquired . | . . . . Parts Damaged . | . . . . Bothacking | -11 -10 -9 -9 ------------ Run | Yrd Mat Mat Min Used RIF Installer . | . . . . Robots Hacked . | . . . . Non-combat . | . . . . Combat . | . . . . Robot Hacks Applied . | . . . . Relay Couplers Released . | . . . . Fabnet Peak Effective % . | . . . . Robots Rewired . | . . . . Allies Hacked . | . . . . Hacks Repelled . | . . . . Allies | -11 -10 -9 -9 -------- Run | Yrd Mat Mat Min Total Allies 1 | . 1 . . Largest Group 1 | . 1 1 . Highest-Rated Group 10 | . 10 10 . Highest-Rated Ally 10 | . 10 10 . Total Orders . | . . . . Ally Attacks . | . . . . Total Damage . | . . . . Kills . | . . . . Allies Corrupted . | . . . . Allies Melted . | . . . . Intel | -11 -10 -9 -9 ------- Run | Yrd Mat Mat Min Robot Analysis Total . | . . . . Derelict Logs Recovered . | . . . . Drone Launches . | . . . . Drone Recoveries . | . . . . Exploration | -11 -10 -9 -9 ------------- Run | Yrd Mat Mat Min Turns Passed 1321 | 222 424 621 54 Spaces Moved 758 | 113 268 340 37 Core . | . . . . Treads 12 | . . 12 . Legs 386 | 113 268 5 . Wheels 360 | . . 323 37 Hover . | . . . . Flight . | . . . . Fastest Speed 80 | 120 120 80 135 Average Speed 115 | 120 120 108 135 Slowest Speed 240 | 120 120 240 135 Overloaded Moves . | . . . . Propulsion Burnouts . | . . . . Robots Hopped . | . . . . Cave-ins Triggered 1 | . . 1 . Exploration Rate (%) 27 | 5 57 35 12 Regions Visited 3 Branch Regions 1 Pre-discovered Areas . | . . . . Known Exits Taken . | . . . . Unknown Exits Taken 3 | 1 1 1 . Scrap Searched 1 | . . . 1 Spaces Dug 11 | . 3 8 . Terrain Destroyed 58 | . 3 55 . Melee 8 | . . 8 . Projectile 3 | . 3 . . AOE 47 | . . 47 . Terrain Rammed . | . . . . Walls Destroyed . | . . . . Machines Disabled . | . . . . Actions | -11 -10 -9 -9 --------- Run | Yrd Mat Mat Min Total 1000 | 152 333 474 41 Wait 31 | . 31 . . Move 755 | 112 267 339 37 Hop . | . . . . Pick Up 32 | 6 4 19 3 Fast Attach 8 | 1 2 5 . Attach 9 | . . 8 1 Detach . | . . . . Swap 22 | 1 6 15 . Drop 25 | 5 4 16 . Fire 88 | 27 18 43 . Melee 30 | . 1 29 . Ram . | . . . . Kick . | . . . . Crush . | . . . . Escape Stasis . | . . . . Rewire . | . . . . Trap . | . . . . Miscellaneous . | . . . . Route ------- -11/Scrapyard -10/Materials (discovered 4 exits: *Mat x3 / [*Min]) -9/Materials -9/Mines History --------- Turn | Location | Event 3 | -11/Scrapyard | Discovered new exit (range 3) 223 | -11/Scrapyard | Entered Materials 313 | -10/Materials | Build established: Mutant 451 | -10/Materials | Discovered new exit (range 13) 487 | -10/Materials | Discovered new exit (range 8) 597 | -10/Materials | Discovered new exit (range 3) 615 | -10/Materials | Discovered new exit (range 16) 647 | -10/Materials | Entered another Materials area 647 | -9/Materials | Accompanied by 1 ally 647 | -9/Materials | Evolved 2 slots: Propulsion x1, Utility x1 985 | -9/Materials | Build established: Scavenger-Mutant 1058 | -9/Materials | Core integrity fell below 50% 1094 | -9/Materials | Lost 3 parts (1p2u) 1144 | -9/Materials | Discovered new exit (range 16) 1223 | -9/Materials | Crushed by falling debris 1223 | -9/Materials | Core integrity fell below 20% 1223 | -9/Materials | System corruption reached 10% 1254 | -9/Materials | Lost 4 parts (1p1n1u1w) 1268 | -9/Materials | Entered Mines 1308 | -9/Mines | Assembled infested the area 1318 | -9/Mines | Build established: Mutant 1322 | -9/Mines | Destroyed by D-53 Grenadier with Mini Grenade Launcher Last Messages --------------- 01248_ Acquired Spread Laser. 01261_ YX=FPA ME0 LIU|RTPDNL1IEUG4U&D S4FS LOCATION=UNKNOWN GOAL=ESCAPE Something is scanning the area. 01271_ Searching scrap... 01271_ Found Sensor Array. 01271_ Found Imp. Light Cannon. 01271_ Found Particle Gun. 01271_ Found 16 Matter. 01272_ Acquired 16 matter. 01274_ Acquired Sensor Array. 01276_ Acquired Imp. Light Cannon. 01281_ Acquired Particle Gun. 01308_ ALERT: Infestation in the mines, dispatching Demolisher response squad. 01309_ VD#WT|OC|KROW:R:ZPOXYSLINTVV3XMX,XB|ZNY 01316_ C-30 ARC bursts open, deploying its payload. 01316_ D-53 Grenadier unfolds itself. 01320_ Aluminum Leg destroyed. 01321_ Arm. Wheel destroyed. Map ----- +----------------------------------------------------+ | | | | | | | | | | | | | | | | | ???????????????????????????????????????????? | | ??????#####????????????????????????????????? | | ?###?## ##???????????????????????????????? | | ## ## ####????????????????????????????? | | # ##???????????????????????????? | | # ######??????????????????????? | | #### ## ##?????????????????????? | | ???## ## #?????????????????????? | | ????## ##### #??????????#??????????? | | ?????#####???## ##???????## #??????????? | | ??????????????## ##??????## # #??????????? | | ???????????????## ######### ######?????? | | ????????????????# ### # %d #?????? | | ??????????????### ## d #?????? | | ?????????????## # #?????? | | ?????????????# #??????? | | ????????????# #???????? | | ????????????## @ #####????????? | | ?????????????### #????????????? | | ???????????????##### # r#????????????? | | ???????????????????### #????????????? | | ?????????????????????### #????????????? | | ???????????????????????## # #????????????? | | ????????????????????????#### ????????????? | | ????????????????????????????? ???????????? | | ?????????????????????????????r ??????????? | | ?????????????????????????????? ##?????????? | | ?????????????????????????????? #??????????? | | ??????????????????????????????? #??????????? | | ??????????????????????????????? #??????????? | | ???????????????????????????????? ??????????? | | ???????????????????????????????????????????? | | ???????????????????????????????????????????? | | ???????????????????????????????????????????? | | ???????????????????????????????????????????? | | ???????????????????????????????????????????? | | ???????????????????????????????????????????? | | ???????????????????????????????????????????? | | ???????????????????????????????????????????? | | ???????????????????????????????????????????? | | ???????????????????????????????????????????? | | ???????????????????????????????????????????? | +----------------------------------------------------+ Best States ------------- Heat Dissipation 42 Energy Generation 12 Energy Capacity 265 Matter Stores 300 Matter Capacity 300 Sight Range 16 Robot Scan Range 14 Terrain Scan Range 16 Terrain Scan Density 10 Armor Coverage 150 Evasion (%) 55 Recoil Reduction 1 Item Schematics ----------------- None Robot Schematics ------------------ None Fabricated ------------ Nothing Alien Tech Used ----------------- None Achievements -------------- None Challenges ------------ None Game ------ Seed RainbowAutogunFalx Manual? 0 Play Time 00:18:38 Cumulative 139.9 hours Start 2024.07.06 @ 23:54:27 End 2024.07.07 @ 00:12:44 Sessions 1 Manual Loads 0 Difficulty Rogue Special Mode None Game No. 231 Rogue 227 Adventurer 0 Explorer 4 Win Type - Total 0 Types 0/0/0/0/0/0/0/0/0 Lore% 29 Gallery% 47 Achievement% 34 Wizard Run 0 Options --------- Layout 1 ASCII 0 Keyboard 1 Movement Arrows Keybinds 0 Fullscreen 2 Font 32/SmallcapsGlow Map View 130x35 Zoom Use 0% Tactical HUD 1 Map Filters NONE Filters NONE Steam 1 RUN: 34de97a0-0521-4318-b029-84bd4caa302a